 Dungeon Crawl Stone Soup version 0.25.1-2-g60ff931df9 (webtiles) character file.

Game seed: 3628535274755350997

786 nikku the Skirmisher (level 7, -9/64 HPs)
             Began as a Hill Orc Monk on Nov 11, 2020.
             Was a Believer of Beogh.
             Mangled by an orc warrior
             ... wielding a +0 battleaxe
              (15 damage)
             ... on level 7 of the Dungeon.
             The game lasted 00:17:04 (6430 turns).

nikku the Skirmisher (Hill Orc Monk)                Turns: 6430, Time: 00:17:04

Health: -9/64      AC: 11    Str: 16    XL:     7   Next: 87%
Magic:  7/7        EV: 11    Int: 13    God:    Beogh [**....]
Gold:   270        SH:  0    Dex: 13    Spells: 6/6 levels left

rFire    . . .     SeeInvis .   y - +0 war axe
rCold    . . .     Gourm    .   (no shield)
rNeg     . . .     Faith    .   m - +0 ring mail
rPois    .         Spirit   .   g - +0 helmet {Int+3}
rElec    .         Reflect  .   (no cloak)
rCorr    .         Harm     .   o - +2 pair of gloves
MR       .....                  j - +0 pair of boots
Stlth    +.........             (no amulet)
HPRegen  0.20/turn              (no ring)
MPRegen  0.10/turn              (no ring)

@: very slightly contaminated, invisible
A: no striking features
a: Smiting, Renounce Religion


You were on level 7 of the Dungeon.
You worshipped Beogh.
Beogh was pleased with you.
You were not hungry.

You visited 1 branch of the dungeon, and saw 7 of its levels.
You also visited: Sewer.

You collected 270 gold pieces.

Inventory:

Hand Weapons
 a - a +0 hand axe
 e - a +2 spear
 h - a +0 spear
 y - a +0 war axe (weapon)
Missiles
 d - 21 poisoned darts (quivered)
 r - 6 curare-tipped darts
 s - 2 boomerangs of dispersal
Armour
 g - a +0 helmet of intelligence (worn)
 j - a +0 pair of boots (worn)
 m - a +0 ring mail (worn)
 o - a +2 pair of gloves (worn)
 x - a +0 scale mail
Scrolls
 b - a scroll of immolation
 f - 4 scrolls of remove curse
 n - 2 scrolls of fear
 q - 3 scrolls of teleportation
Potions
 i - 2 potions of heal wounds
 k - a potion of brilliance
 l - a potion of stabbing {unknown}
 p - a potion of mutation {unknown}
 t - a potion of invisibility
 u - a potion of lignification {unknown}
 w - 3 potions of curing
 z - a potion of degeneration {unknown}
Comestibles
 c - 9 rations


   Skills:
 + Level 6.9 Fighting
 + Level 4.7(6.0) Axes
 - Level 4.5(5.3) Polearms
 + Level 5.1 Armour
 - Level 2.4 Dodging
 - Level 1.5 Stealth


You had 6 spell levels left.
You didn't know any spells.
Your spell library was empty.

Dungeon Overview and Level Annotations

Branches:
Dungeon (7/15)             Temple (0/1) D:4           Sewer (visited)

Altars:
Cheibriados
Ru
Sif Muna
Trog
Xom

Shops:
D:4 [


Message History

You hit the orc warrior.
The orc warrior is severely wounded.
The orc warrior barely misses you.
You barely miss the orc warrior.
The orc warrior is severely wounded.
The orc warrior hits you but does no damage.
You closely miss the orc warrior.
The orc warrior is severely wounded.
You flicker back into view.
The orc warrior hits you with a +0 battleaxe.
* * * LOW HITPOINT WARNING * * *
You fade into invisibility!
You closely miss the orc warrior.
The orc warrior is severely wounded.
The orc warrior barely misses you.
You closely miss the orc warrior.
The orc warrior is severely wounded.
The orc warrior hits you with a +0 battleaxe!
You die...
Beogh appreciates the orc warrior's killing of a heretic priest.

#.#########
.......@o.#
#.#######.#
#..# #<.#
#..# .....
##%.###
#... ##.##


You could see an orc warrior.

Vanquished Creatures
  An ice beast (D:5)
  An ogre (D:5)
  A crocodile (Sewer)
  A scorpion (D:5)
  2 crimson imps
  2 jellies (D:6)
  A hound (D:6)
  An orc priest (D:4)
  4 worker ants
  An orc wizard (D:4)
  6 adders
  2 river rats (D:6)
  A shadow imp (D:6)
  3 worms
  5 dart slugs
  4 leopard geckos
  13 orcs
  A ball python (D:1)
  5 bats
  6 giant cockroaches
  3 goblins
  9 hobgoblins
  10 jackals
  A quokka (D:4)
  8 frilled lizards
  5 kobolds
  7 rats
104 creatures vanquished.

Vanquished Creatures (others)
  A giant cockroach (D:4)
1 creature vanquished.

Grand Total: 105 creatures vanquished

Notes
Turn   | Place    | Note
-------+----------+-------------------------------------------
     0 | D:1      | nikku the Hill Orc Monk began the quest for the Orb.
     0 | D:1      | Reached XP level 1. HP: 19/19 MP: 1/1
     0 | D:1      | Noticed a vine stalker
     0 | D:1      | Noticed a vine stalker
     2 | D:1      | Noticed a minotaur zombie
     4 | D:1      | Noticed a human
     7 | D:1      | Noticed a spriggan
     8 | D:1      | Noticed a minotaur
    12 | D:1      | Noticed a spriggan
    14 | D:1      | Noticed a minotaur zombie
    16 | D:1      | Noticed a dwarf
    16 | D:1      | Noticed an octopode
    18 | D:1      | Noticed a centaur
    18 | D:1      | Noticed a felid
   394 | D:1      | Reached XP level 2. HP: 26/27 MP: 2/2
   407 | D:1      | Reached skill level 1 in Armour
   513 | D:1      | Reached skill level 4 in Fighting
   679 | D:1      | Reached skill level 1 in Polearms
   800 | D:1      | Reached XP level 3. HP: 33/33 MP: 3/3
  1294 | D:2      | Found a bloodstained altar of Trog.
  1863 | D:3      | Reached XP level 4. HP: 41/41 MP: 4/4
  1884 | D:3      | Found a shimmering altar of Xom.
  1886 | D:3      | Found a shimmering altar of Xom.
  1892 | D:3      | Found a shimmering altar of Xom.
  2038 | D:3      | Found a shimmering altar of Xom.
  2923 | D:4      | Found Agheadi's Antique Armour Shoppe.
  2972 | D:4      | Reached skill level 5 in Fighting
  2972 | D:4      | Reached XP level 5. HP: 22/48 MP: 5/5
  3170 | D:4      | Found a staircase to the Ecumenical Temple.
  3476 | D:4      | Became a worshipper of Beogh the Brigand
  3476 | D:4      | Reached * piety under Beogh
  3476 | D:4      | Reached ** piety under Beogh
  3881 | D:5      | Entered Level 5 of the Dungeon
  3967 | D:5      | Noticed an ice beast
  4005 | D:5      | Killed an ice beast
  4005 | D:5      | Reached XP level 6. HP: 17/56 MP: 6/6
  4335 | D:5      | Reached skill level 6 in Fighting
  4551 | D:5      | Reached XP level 7. HP: 61/63 MP: 7/7
  5573 | D:6      | Found a glowing drain.
  5577 | Sewer    | Entered a sewer
  6120 | D:6      | Found a shimmering blue altar of Sif Muna.
  6120 | D:6      | Found a snail-covered altar of Cheibriados.
  6190 | D:6      | Reached skill level 5 in Armour
  6287 | D:6      | Found a sacrificial altar of Ru.
  6430 | D:7      | Mangled by an orc warrior

Illustrated notes

Levels and vault maps discovered:
D:1:      shiori_arrival_whats_in_store_for_you, layout_rooms, minmay_cupped
D:2:      layout_loops_ring, lemuel_doored_altar
D:3:      layout_loops_ring, xom_redecorated, first_ration,
          chequers_decorated_corner, minmay_door_square, grunt_ministairs_7
D:4:      layout_rooms, minmay_temple_entry_stoned_glass, serial_shops, shop,
          serial_curves, eino_curves_03, eino_curves_01,
          kennysheep_another_room, minmay_misc_feat_more_columns
D:5:      layout_basic
D:6:      layout_loops_ring, gammafunk_temple_overflow_wave,
          nicolae_ru_sacrificial_ziggurat, gup_sewer_entry_spiral
D:7:      layout_basic, kennysheep_mini, kennysheep_mini_moat,
          trog_butcher_becter

Skill      XL: |  1  2  3  4  5  6  7 |
---------------+----------------------+-----
Armour         | 1 2 3 4 5 |  5.1
Fighting       | 4 5 6 |  6.9
Polearms       | 1 2 3 4 |  4.5
Axes           | |  4.7
Dodging        | |  2.4
Stealth        | |  1.5

Action                   |  1- 3 |  4- 6 |  7- 9 || total
-------------------------+-------+-------+-------++-------
Melee: Spear             |   147 |   189 |   166 ||   502
       Hand axe          |    13 |       |       ||    13
       War axe           |       |       |    40 ||    40
Throw: Dart              |       |       |     4 ||     4
Invok: Convert to Beogh  |       |     1 |       ||     1
  Use: Scroll            |     5 |     7 |     1 ||    13
       Potion            |       |       |     2 ||     2
 Stab: Sleeping          |     2 |     1 |     1 ||     4
       Invisible         |       |       |     2 ||     2
       Distracted        |       |       |     1 ||     1
  Eat: Chunk             |     3 |     3 |     5 ||    11
       Ration            |       |     2 |       ||     2
Armor: Leather armour    |    26 |    34 |       ||    60
       Skin              |       |     1 |       ||     1
       Ring mail         |       |    18 |    51 ||    69
Dodge: Dodged            |    86 |    80 |   109 ||   275
